 Dungeon Crawl Stone Soup version 0.27-a0-341-g40fdf68bc5 (webtiles) character file.

Game seed: 10296099937550558503

415 EnegeticOcto the Frost Mage (level 7, -4/42 HPs)
             Began as a Halfling Ice Elementalist on Feb 14, 2021.
             Slain by a centaur
             ... wielding a +0 flail
              (13 damage)
             ... on level 5 of the Dungeon.
             The game lasted 00:07:34 (1089 turns).

EnegeticOcto the Frost Mage (HaIE)                  Turns: 1089, Time: 00:07:35

Health: -4/42      AC:  3    Str:  9    XL:     7   Next: 15%
Magic:  4/9        EV: 15    Int: 15    God:
Gold:   153        SH:  0    Dex: 15    Spells: 2/9 levels left

rFire    . . .     SeeInvis .   k - +0 war axe
rCold    . . .     Faith    .   (shield restricted)
rNeg     . . .     Spirit   .   a - +0 robe
rPois    +         Reflect  .   (no helmet)
rElec    .         Harm     .   (no cloak)
rCorr    .         Rampage  .   (no gloves)
Will     .....                  d - +0 pair of boots
Stlth    ++........             (no amulet)
HPRegen  0.14/turn              i - ring of poison resistance
MPRegen  0.11/turn              (no ring)

@: frozen ramparts
A: small, mutation resistance 1
a: no special abilities


You were on level 5 of the Dungeon.
You visited 1 branch of the dungeon, and saw 5 of its levels.
You also visited: Sewer.

You collected 153 gold pieces.

Inventory:

Hand Weapons
 b - a +0 hand axe
   (You found it on level 1 of the Dungeon)
 k - a +0 war axe (weapon)
   (You found it on level 5 of the Dungeon)
Missiles
 f - 3 boomerangs
Armour
 a - a +0 robe (worn)
 d - a +0 pair of boots (worn)
   (You found it on level 1 of the Dungeon)
Jewellery
 i - a ring of poison resistance (left hand)
   (You found it on level 3 of the Dungeon)
Scrolls
 e - a scroll of teleportation {@r3 !r}
 l - a scroll of enchant armour {unknown}
Potions
 c - a potion of haste {@q4 !q}
 g - a potion of resistance
 h - a potion of brilliance
 j - a potion of heal wounds {@q2 !q}
 m - a potion of flight {unknown}


   Skills:
 + Level 0.5 Fighting
 - Level 2.1 Dodging
 - Level 2.1 Stealth
 - Level 1.5 Spellcasting
 - Level 8.0 Ice Magic


You had 2 spell levels left.
You knew the following spells:

 Your Spells              Type           Power        Failure   Level
a - Freeze                Ice            100%         1%          1
b - Frozen Ramparts       Ice            50%          2%          3
c - Ozocubu's Armour      Ice            25%          2%          3

Your spell library contained the following spells:

 Spells                   Type           Power        Failure   Level
 Hailstorm                Conj/Ice       13%          41%         4
 Summon Ice Beast         Ice/Summ       13%          41%         4


Dungeon Overview and Level Annotations

Branches:
Dungeon (5/15)              Sewer (visited)
 Temple: D:4-7

Altars:
Nemelex Xobeh
Sif Muna
Uskayaw


Innate Abilities, Weirdness & Mutations

You are small and have problems with some larger weapons.
You are somewhat resistant to further mutation.


Message History

Confirm with . or Enter, or press ? or * to list all spells.
Aiming: Freeze (safe; 1% risk of failure)
Press: ? - help, Shift-Dir - straight line, f - worker ant
Aim: a worker ant You freeze the worker ant.
The worker ant is moderately wounded.
The worker ant barely misses you.
Casting: Freeze (safe; 1% risk of failure)
Confirm with . or Enter, or press ? or * to list all spells.
Aiming: Freeze (safe; 1% risk of failure)
Press: ? - help, Shift-Dir - straight line, f/p - worker ant
Aim: a worker ant (moderately wounded)
You freeze the worker ant.
The worker ant is severely wounded.
The worker ant barely misses you.
Casting: Freeze (safe; 1% risk of failure)
Confirm with . or Enter, or press ? or * to list all spells.
Aiming: Freeze (safe; 1% risk of failure)
Press: ? - help, Shift-Dir - straight line, f/p - worker ant
Aim: a worker ant (severely wounded)
You freeze the worker ant!
You kill the worker ant!
There is a stone staircase leading up here.
You climb upwards.
A hound comes into view.
There is a stone staircase leading down here.
Casting: Freeze (safe; 1% risk of failure)
Confirm with . or Enter, or press ? or * to list all spells.
Casting: Frozen Ramparts (dangerous; 2% risk of failure)
Press: ? - help, Dir - look around, f - activate The walls around you are covered in ice.
The wall freezes the hound. x2; The hound barely misses you.
You barely miss the hound.
The hound is heavily wounded.
The wall freezes the hound.
The hound bites you but does no damage.
The wall freezes the hound.
The hound barely misses you.
You hit the hound.
The hound is almost dead.
The wall freezes the hound.
You kill the hound!
You have reached level 7!
The frozen ramparts melt away as you move.
Blink to where?
Press: ? - help, Dir - move target
As you read the scroll labelled CUIGRI XUNN, it crumbles to dust.
It was a scroll of blinking.
As you read the scroll labelled BISMEIF RARUZ, it crumbles to dust.
You feel strangely unstable.
It was a scroll of teleportation.
Your surroundings suddenly seem different.
Found a scroll labelled XAOCZYSAUG.
Magic restored.
l - a scroll labelled XAOCZYSAUG
Found a stone staircase leading down.
Found a shimmering blue altar of Sif Muna.
Found a hide-covered altar of Uskayaw.
There is a shimmering blue altar of Sif Muna here.
(D) Dungeon
Where to? (Enter - D:4, ? - help)
There is a stone staircase leading down here.
You climb downwards.
A jelly comes into view.
There is a stone staircase leading up here.
The jelly quivers.
Casting: Frozen Ramparts (dangerous; 2% risk of failure)
Confirm with . or Enter, or press ? or * to list all spells.
Casting: Frozen Ramparts (dangerous; 2% risk of failure)
Press: ? - help, Dir - look around, f - activate The walls around you are covered in ice.
The wall freezes the jelly.
The wall freezes the jelly.
You hit the jelly.
Your hands burn!
The jelly is severely wounded.
The wall freezes the jelly.
The jelly misses you.
The wall freezes the jelly.
You kill the jelly!
Training target 8.0 for Ice Magic reached!
Your Ice Magic skill increases to level 8!
The frozen ramparts melt away as you move.
A centaur comes into view. It is wielding a +0 flail.
The centaur shouts!
The centaur unwields a +0 flail.
The centaur wields a +0 shortbow.
The centaur shoots an arrow.
The arrow misses you.
The centaur shoots an arrow.
The arrow hits you!
The centaur unwields a +0 shortbow.
The centaur wields a +0 flail.
The centaur misses you.
Found 37 gold pieces.
Found a stone staircase leading down.
Casting: Frozen Ramparts (dangerous; 2% risk of failure)
Confirm with . or Enter, or press ? or * to list all spells.
Casting: Frozen Ramparts (dangerous; 2% risk of failure)
Press: ? - help, Dir - look around, f - activate The walls around you are covered in ice.
The wall freezes the centaur.
The centaur hits you with a +0 flail.
You hit the centaur.
The centaur is moderately wounded.
The wall freezes the centaur.
The centaur hits you with a +0 flail!
* * * LOW HITPOINT WARNING * * *
The wall freezes the centaur.
The centaur misses you.
You hit the centaur.
The centaur is almost dead.
The wall freezes the centaur.
The centaur hits you with a +0 flail!
You die...

#. ##$ #. ...#
###. .#.# ...
##.#.# #
##.##..#.####.#
#.....##.....
###.##..#..#...
......c@...#.###
#
.###.#.##.....<#
# #. #.##.### #
..#.....# #
#..####### # $.>
# #### # ###
###.....


You could see a centaur.

Vanquished Creatures
  2 bullfrogs (Sewer)
  A hound (D:4)
  A jelly (D:5)
  A worker ant (D:5)
  A hound skeleton (D:5)
  7 adders
  8 oozes (Sewer)
  2 worms (D:5)
  A dart slug (D:3)
  10 leopard geckos
  6 bats
  9 giant cockroaches
  2 goblins (D:1)
  3 hobgoblins (D:1)
  3 jackals (D:2)
  A quokka (D:5)
  13 ball pythons (Sewer)
  A ball python skeleton (D:4)
  7 frilled lizards
  3 kobolds
82 creatures vanquished.

Notes
Turn   | Place    | Note
-------+----------+-------------------------------------------
     0 | D:1      | EnegeticOcto the Halfling Ice Elementalist began the quest
                  | for the Orb.
     0 | D:1      | Reached XP level 1. HP: 11/11 MP: 3/3
    62 | D:1      | Reached XP level 2. HP: 13/17 MP: 1/4
   286 | D:3      | Reached XP level 3. HP: 12/21 MP: 0/5
   290 | D:3      | Learned a level 3 spell: Frozen Ramparts
   312 | D:3      | Reached skill level 5 in Ice Magic
   318 | D:3      | Found a sparkling altar of Nemelex Xobeh.
   449 | D:4      | Reached XP level 4. HP: 19/27 MP: 2/6
   458 | D:5      | Entered Level 5 of the Dungeon
   510 | D:5      | Found a glowing drain.
   578 | Sewer    | Entered a sewer
   655 | Sewer    | Reached XP level 5. HP: 10/31 MP: 5/7
   659 | Sewer    | Learned a level 3 spell: Ozocubu's Armour
   667 | Sewer    | Reached skill level 6 in Ice Magic
   880 | Sewer    | Reached XP level 6. HP: 10/36 MP: 8/8
   900 | Sewer    | Reached skill level 7 in Ice Magic
  1007 | D:4      | Reached XP level 7. HP: 20/41 MP: 5/9
  1059 | D:4      | Found a shimmering blue altar of Sif Muna.
  1064 | D:4      | Found a hide-covered altar of Uskayaw.
  1081 | D:5      | Reached skill level 8 in Ice Magic
  1089 | D:5      | Slain by a centaur

Illustrated notes

Levels and vault maps discovered:
D:1:      lightli_iron_boxes, layout_basic
D:2:      layout_loops_ring, lemuel_round_altar,
          nicolae_ru_great_annihilating_truth, chequers_ecumenical_altar_simple,
          minmay_tromino_v4_b
D:3:      layout_loops_ring, nemelex_xobeh_ov_fountains_minmay,
          minmay_ogre_servants
D:4:      layout_basic, grunt_temple_overflow_open
D:5:      layout_basic, cheibrodos_sewer_entry_drain, serial_shops, shop,
          kennysheep_little_box, shop_fountains, uniq_sigmund

Skill      XL: |  1  2  3  4  5  6  7 |
---------------+----------------------+-----
Ice Magic      | 5 6 7 8 |  8.0
Fighting       | |  0.5
Dodging        | |  2.1
Stealth        | |  2.1
Spellcasting   | |  1.5

Action                   |  1- 3 |  4- 6 |  7- 9 || total
-------------------------+-------+-------+-------++-------
Melee: Hand axe          |    26 |       |       ||    26
       War axe           |       |    94 |     3 ||    97
 Cast: Freeze            |    23 |    27 |       ||    50
       Frozen Ramparts   |     1 |     7 |     2 ||    10
       Ozocubu's Armour  |       |     1 |       ||     1
  Use: Scroll            |       |     4 |     2 ||     6
 Stab: Sleeping          |     2 |       |       ||     2
Armor: Robe              |     7 |    24 |       ||    31
Dodge: Dodged            |    46 |   140 |     4 ||   190

Table legend: (Time is in decaauts)
 A = Elapsed time spent in this place.
 B = Non-inter-level travel time spent in this place.
 C = Inter-level travel time spent in this place.
 D = Time resting spent in this place.
 E = Time spent auto-exploring this place.
 F = Levels seen in this place.
 G = Mean time per level.
                   A        B        C        D        E       F      G
               +--------+--------+--------+--------+--------+-----+--------+
         Total |   1274 |   1232 |     42 |      0 |      0 |   6 |  212.3 |
       Dungeon |    771 |    729 |     42 |      0 |      0 |   5 |  154.2 |
         Sewer |    502 |    502 |      0 |      0 |      0 |   1 |  502.0 |
               +--------+--------+--------+--------+--------+-----+--------+

Top non-repeatable levels by time:
   Sewer: 502 daAuts
     D:5: 230 daAuts
     D:1: 171 daAuts
     D:3: 157 daAuts
     D:4: 129 daAuts
     D:2: 82 daAuts
